 Dungeon Crawl Stone Soup version 0.24-a0-779-g36f0aeb843 (webtiles) character file.

Game seed: 15247972960180670782, levelgen mode: deterministic

44 temitten the Sneak (level 3, -4/16 HPs)
             Began as a Spriggan Enchanter on Oct 8, 2019.
             Slain by a worm (11 damage)
             ... on level 2 of the Dungeon.
             The game lasted 00:06:23 (1988 turns).

temitten the Sneak (Spriggan Enchanter)             Turns: 1988, Time: 00:06:23

Health: -4/16      AC:  2    Str:  4    XL:     3   Next: 39%
Magic:  0/8        EV: 18    Int: 17    God:
Gold:   139        SH:  0    Dex: 16    Spells: 2/8 levels left

rFire    . . .     SeeInvis +   a - +1 dagger
rCold    . . .     Gourm    .   (shield restricted)
rNeg     . . .     Faith    .   b - +0 robe
rPois    .         Spirit   .   (helmet restricted)
rElec    .         Reflect  .   (no cloak)
rCorr    .         Harm     .   (gloves unavailable)
MR       .....                  (boots unavailable)
Stlth    +++.......             (no amulet)
HPRegen  0.05/turn              (no ring)
MPRegen  0.11/turn              (no ring)

@: very slightly contaminated, very quick
A: very small, unfitting armour, see invisible, herbivore, speed 3, slow
metabolism 2
a: no special abilities


You were on level 2 of the Dungeon.
You were hungry.

You visited 1 branch of the dungeon, and saw 2 of its levels.

You collected 139 gold pieces.

Inventory:

Hand Weapons
 a - a +1 dagger (weapon)
Missiles
 k - 18 poisoned darts (quivered)
Armour
 b - a +0 robe (worn)
Scrolls
 c - a scroll of teleportation {unknown}
 d - 3 scrolls of fear {unknown}
 f - a scroll of identify {unknown}
 h - 3 scrolls of amnesia {unknown}
 j - a scroll of random uselessness {unknown}
 l - a scroll of remove curse {unknown}
Potions
 g - 2 potions of heal wounds {unknown}
 i - a potion of haste {unknown}
Comestibles
 e - 4 rations {!d}


   Skills:
 * Level 2.0 Short Blades
 + Level 3.3 Dodging
 * Level 5.1 Stealth
 + Level 3.0 Spellcasting
 * Level 4.1 Hexes
 + Level 0.2 Ice Magic


You had 2 spell levels left.
You knew the following spells:

 Your Spells              Type           Power        Failure   Level  Hunger
a - Corona                Hex            ###....      3%          1    None
c - Confuse               Hex            ###.....     10%         3    ###....
x - Ensorcelled Hibernat  Hex/Ice        #.....       11%         2    ##.....

Your spell library contained the following spells:

 Spells                   Type           Power        Failure   Level  Hunger
 Tukima's Dance           Hex            ###.....     10%         3    ###....
 Dazzling Spray           Conj/Hex       #.....       22%         3    ###....


Dungeon Overview and Level Annotations

Branches:
Dungeon (2/15)

Altars:
The Shining One


Innate Abilities, Weirdness & Mutations

You are very small and have problems with some larger weapons.
You are too small for most types of armour.
You have supernaturally acute eyesight. (SInv)
You are a herbivore.
You cover ground extremely quickly.
You need to consume almost no food.


Message History

Found 13 gold pieces.
d - 3 scrolls labeled RIDETU DIGEHOI (gained 2)
h - 3 scrolls labeled NYOHUN JULUSK (gained 1)
You now have 139 gold pieces (gained 13).
A goblin comes into view. It is wielding a -2 club.
A ball python and a worm come into view.
The goblin shouts!
The ball python hisses angrily.
Aim: a goblin, wielding a -2 club (chance to defeat MR: 58%)
The goblin looks drowsy...
The helpless goblin fails to defend itself.
You impale the goblin!!
You kill the goblin!
Aim: a ball python (chance to defeat MR: 58%)
The ball python resists with significant effort.
The ball python closely misses you. The ball python grabs you.
The ball python constricts you.
Aim: a ball python (constricting you, chance to defeat MR: 58%)
The ball python looks drowsy...
The ball python loses its grip on you.
The helpless ball python fails to defend itself.
You impale the ball python!!
You kill the ball python!
Aim: a worm (chance to defeat MR: 50%)
The worm resists with some effort.
The worm bites you but does no damage.
You hit the worm but do no damage. You completely miss the worm.
The worm closely misses you.
You hit the worm. You hit the worm but do no damage. The worm bites you.
You hit the worm. You hit the worm but do no damage. The worm bites you.
* * * LOW HITPOINT WARNING * * *
You start resting.
You start resting.
The worm is too close now for your liking.
You hit the worm but do no damage.
Aim: a worm (chance to defeat MR: 50%)
You miscast Ensorcelled Hibernation.
You are very lightly contaminated with residual magic.
Strange energies run through your body. The worm misses you.
Aim: a worm (chance to defeat MR: 50%)
The worm resists with some effort.
The worm bites you.
* * * LOW HITPOINT WARNING * * *
Aim: a worm (chance to defeat MR: 50%)
You miscast Ensorcelled Hibernation.
Multicoloured lights dance before your eyes!
Aim: a worm (chance to defeat MR: 50%)
The worm resists with some effort.
You are feeling hungry.
The worm bites you!
Ouch! That really hurt!
You die...

#.# #.# #.# #<# #.# ####
##.## ##..# ....# #...##
#...## ##..w.#
.....#######...#@##
#.........)....#..##
##.#########..###..## #.#
#..##.##..## #.#
#..##...##..## ##+#
###..#+..8..##..######
#...###...# ..8.8..##......#
........### .8._.8. ###....#
......#...##..8.8..##...##.#


You could see a worm.

Vanquished Creatures
  2 dart slugs (D:2)
  A leopard gecko (D:1)
  A ball python (D:2)
  2 bats (D:1)
  7 goblins
  A hobgoblin (D:1)
  4 jackals (D:1)
  4 kobolds (D:1)
  13 frilled lizards (D:1)
  4 rats
39 creatures vanquished.

Notes
Turn   | Place    | Note
-------+----------+-------------------------------------------
     0 | D:1      | temitten the Spriggan Enchanter began the quest for the
                  | Orb.
     0 | D:1      | Reached XP level 1. HP: 9/9 MP: 5/5
   865 | D:1      | Reached XP level 2. HP: 13/13 MP: 6/6
   886 | D:1      | Learned a level 2 spell: Ensorcelled Hibernation
  1401 | D:1      | Reached XP level 3. HP: 16/16 MP: 2/8
  1458 | D:1      | Learned a level 3 spell: Confuse
  1594 | D:1      | Reached skill level 5 in Stealth
  1852 | D:2      | Found a glowing golden altar of the Shining One.
  1988 | D:2      | Slain by a worm

Levels and vault maps discovered:
D:1:      psy_arrival_terrarium, layout_loops_ring, minmay_lizard_king
D:2:      layout_loops_corners, nicolae_overflow_crystal_walls, first_ration,
          tso_metal_star

Skill      XL: |  1  2  3 |
---------------+----------+-----
Spellcasting   | 3 |  3.0
Hexes          | 4 |  4.1
Stealth        | 5 |  5.1
Short Blades   | 2 |  2.0
Dodging        | |  3.3
Ice Magic      | |  0.2

Action                   || total
-------------------------++-------
Melee: Dagger            ||   136
 Cast: Ensorcelled Hiber ||    25
 Stab: Sleeping          ||    18
Armor: Robe              ||     7
Dodge: Dodged            ||    93

Table legend:
 A = Non-vault XP
 B = Vault XP
 C = Vault XP percentage of total XP
 D = Non-vault monster count
 E = Vault monster count
 F = Vault count percentage of total count
                 A         B        C        D         E       F
            +---------+---------+-------+---------+---------+-------
      Total |      51 |      12 |  19.0 |      29 |      10 |  25.6
            +---------+---------+-------+---------+---------+-------
        D:1 |      34 |      12 |  26.1 |      22 |      10 |  31.2
        D:2 |      17 |       0 |   0.0 |       7 |       0 |   0.0
            +---------+---------+-------+---------+---------+-------
